 Dungeon Crawl Stone Soup version 0.27.1-2-g3b301248ec (webtiles) character file.

Game seed: 9982183403602623925

151 Metae the Covered (level 5, -2/47 HPs)
             Began as a Minotaur Fighter on Sept 27, 2021.
             Killed by nerve-wracking pain
             ... invoked by an orc priest
              (8 damage)
             ... on level 3 of the Dungeon.
             The game lasted 00:05:26 (2125 turns).

Metae the Covered (Minotaur Fighter)                Turns: 2125, Time: 00:05:28

Health: -2/47      AC:  7    Str: 21    XL:     5   Next: 10%
Magic:  4/4        EV:  7    Int:  5    God:
Gold:   87         SH:  9    Dex: 10    Spells: 4/4 levels left

rFire    . . .     SeeInvis .   a - +0 trident
rCold    . . .     Faith    .   c - +0 kite shield
rNeg     . . .     Spirit   .   b - +0 scale mail
rPois    .         Reflect  .   (helmet restricted)
rElec    .         Harm     .   (no cloak)
rCorr    .         Rampage  .   (no gloves)
Will     .....                  (no boots)
Stlth    ..........             (no amulet)
HPRegen  0.15/turn              (no ring)
MPRegen  0.09/turn              (no ring)

@: no status effects
A: horns 2, retaliatory headbutt
a: no special abilities


You were on level 3 of the Dungeon.
You visited 1 branch of the dungeon, and saw 3 of its levels.

You collected 87 gold pieces.

Inventory:

Hand Weapons
 a - a +0 trident (weapon)
Armour
 b - a +0 scale mail (worn)
 c - a +0 kite shield (worn)
Wands
 i - a wand of paralysis (11)
 l - a wand of digging (6)
Scrolls
 g - a scroll of enchant armour {unknown}
 j - a scroll of identify {unknown}
 k - 2 scrolls of teleportation {unknown}
Potions
 d - a potion of might
 e - a potion of heal wounds {unknown}
 f - a potion of haste
 h - a potion of magic {unknown}
 m - a potion of degeneration {unknown}


   Skills:
 + Level 4.6 Fighting
 + Level 3.7 Polearms
 + Level 4.7 Armour
 + Level 4.6 Shields
 + Level 0.8 Evocations


You had 4 spell levels left.
You didn't know any spells.
Your spell library contained the following spells:

 Spells                   Type           Power      Damage    Failure   Level
 Corpse Rot               Necr/Air       N/A        N/A       100%        2
 Poisonous Vapours        Pois/Air       0%         N/A       100%        2
 Freezing Cloud           Conj/Ice/Air   0%         6-21      100%        5


Dungeon Overview and Level Annotations

Branches:
Dungeon (3/15)

Altars:


Innate Abilities, Weirdness & Mutations

You have a pair of horns on your head.
You reflexively headbutt those who attack you in melee.


Message History

Your extra speed is starting to run out.
You start resting.
You feel yourself slow down.
You start resting.
HP restored.
You climb downwards.
The orc hits you with a +0 flail. You block the orc's attack.
There is a stone staircase leading up here.
You completely miss the orc. Your headbutt misses the orc.
The orc priest calls down the wrath of Beogh upon you.
Pain shoots through your body! You block the orc's attack.
You hit the orc.
The orc is severely wounded.
The orc hits you with a +0 flail. The orc barely misses you.
You furiously retaliate!
You headbutt the orc!
You kill the orc!
Things that are here:
a +0 flail; a +0 leather armour; an orc corpse You closely miss the orc wizard.
The orc priest hits you but does no damage.
The orc wizard points at you and mumbles some strange words.
The puff of flame hits you.
The orc priest hits you but does no damage.
You barely miss the orc wizard. The orc wizard barely misses you.
You furiously retaliate!
You headbutt the orc wizard! The orc priest closely misses you.
You barely miss the orc wizard. Your headbutt misses the orc wizard.
The orc wizard is severely wounded.
The orc wizard hits you but does no damage.
The orc priest mumbles some strange prayers to Beogh against you.
Beogh smites you!
* * * LOW HITPOINT WARNING * * *
You closely miss the orc wizard. Your headbutt misses the orc wizard.
The orc wizard is severely wounded.
You block the orc wizard's attack. The orc priest barely misses you.
The orc wizard hits you with a +0 dagger.
* * * LOW HITPOINT WARNING * * *
The orc priest invokes the aid of Beogh against you.
Pain shoots through your body!
You die...

. ### # #.. #
###########.#.# #
#.........#.#.# ... #
#.###..o@.#.#.# ... #
#.# #..o.<..#.#
#.####### #.#
#.....#.#.# #........
#)# #.......#.#
#.####### #o#
#.....#.#.# #.#######
#{#
#.....#.#.###.##.....
#.#
#####.#....##.##.....
#.# ###....'#.#......
...
........#.#.#.....


You could see an orc priest and an orc wizard.

Vanquished Creatures
  An orc priest (D:3)
  Terence (D:3)
  Robin (D:2)
  An adder (D:2)
  4 worms
  6 orcs (D:3)
  6 endoplasms (D:2)
  2 giant cockroaches
  7 hobgoblins
  4 jackals (D:3)
  A kobold (D:2)
  A quokka (D:2)
  3 ball pythons (D:2)
  3 bats
  3 frilled lizards
  10 goblins
  3 rats (D:2)
57 creatures vanquished.

Notes
Turn   | Place    | Note
-------+----------+-------------------------------------------
     0 | D:1      | Metae the Minotaur Fighter began the quest for the Orb.
     0 | D:1      | Reached XP level 1. HP: 19/19 MP: 0/0
    35 | D:1      | You fall into a shaft and drop 1 floor!
   235 | D:2      | Reached XP level 2. HP: 27/27 MP: 1/1
   239 | D:2      | Noticed Robin
   257 | D:2      | Killed Robin
   258 | D:2      | Reached XP level 3. HP: 20/33 MP: 2/2
  1160 | D:3      | Reached XP level 4. HP: 40/40 MP: 3/3
  1312 | D:3      | Noticed Terence
  1327 | D:3      | Killed Terence
  1585 | D:3      | Reached XP level 5. HP: 30/47 MP: 4/4
  1805 | D:3      | HP: 2/47 [orc priest/divine providence (15)]
  2125 | D:3      | Killed from afar by an orc priest

Illustrated notes

Levels and vault maps discovered:
D:1:      dpeg_arrival_houses_and_road, layout_basic, basic_ecumenical_altar,
          minmay_box_of_dots
D:2:      layout_loops_ring, minmay_close_crescents, uniq_robin
D:3:      layout_basic, chequers_serial_rivers_marsh, uniq_terence

Skill      XL: |  1  2 |
---------------+-------+-----
Armour         | 4 |  4.7
Fighting       | 4 |  4.6
Polearms       | 3 |  3.7
Shields        | 4 |  4.6
Evocations     | |  0.8

Action                   |  1- 3 |  4- 6 || total
-------------------------+-------+-------++-------
Melee: Trident           |    84 |    67 ||   151
       Headbutt          |    15 |     9 ||    24
  Use: Potion            |       |     1 ||     1
Armor: Scale mail        |    31 |    23 ||    54
Dodge: Dodged            |    17 |    25 ||    42
Block: Kite shield       |    41 |    42 ||    83
